 Dungeon Crawl Stone Soup version 0.31-a0-845-g9abc20d24f (webtiles) character file.

Game seed: 14295734043123018327

24 wvc the Firebug (level 2, -2/2 HPs)
             Began as a Demonspawn Fire Elementalist on Oct 1, 2023.
             Slain by a hobgoblin (4 damage)
             ... on level 1 of the Dungeon.
             The game lasted 00:03:03 (718 turns).

wvc the Firebug (Demonspawn Fire Elementalist)       Turns: 718, Time: 00:03:04

Health: -2/2       AC:  2    Str: 13    XL:     2   Next: 79%
Magic:  5/5        EV: 10    Int: 16    God:
Gold:   60         SH:  0    Dex: 13    Spells: 4/5 levels left

rFire   . . .        (weapon currently unavailable)
rCold   . . .        (shield currently unavailable)
rNeg    . . .        a - melded +0 robe
rPois   .            (helmet currently unavailable)
rElec   .            (cloak currently unavailable)
rCorr   .            (gloves currently unavailable)
SInv    .            (boots currently unavailable)
Will    .....        (no amulet)
Stlth   ++           (no ring)
HPRegen 0.20/turn    (no ring)
MPRegen 0.09/turn

%: no passive effects
@: snake-form
A: constrict, reduced hp, large, (molten scales 1)
a: Begin Untransformation


You were on level 1 of the Dungeon.
You were an enormous anaconda.
You visited 1 branch of the dungeon, and saw 1 of its levels.

You collected 60 gold pieces.

Inventory:

Missiles
 i - 9 poisoned darts
Armour
 a - a +0 robe (melded)
Talismans
 g - a serpent talisman (active)
Scrolls
 c - 2 scrolls of identify {unknown}
 d - a scroll of fog {unknown}
Potions
 b - a potion of magic
 e - a potion of lignification {unknown}
 f - a potion of attraction {unknown}
 h - a potion of curing {unknown}


   Skills:
 - Level 1.7 Dodging
 - Level 1.7 Stealth
 + Level 2.3 Spellcasting
 * Level 1.5 Conjurations
 + Level 3.2 Fire Magic


You had 4 spell levels left.
You knew the following spells:

 Your Spells              Type           Power      Damage    Failure   Level
a - Foxfire               Conj/Fire      36%        2x1d5     8%          1

Your spell library contained the following spells:

 Spells                   Type           Power      Damage    Failure   Level
 Scorch                   Fire           24%        2d6       8%          2
 Inner Flame              Hex/Fire       7%         N/A       30%         3
 Volatile Blastmotes      Fire/Tloc      14%        2d11      30%         3
 Flame Wave               Conj/Fire      9%         2d6       58%         4


Dungeon Overview and Level Annotations

Branches:
Dungeon (1/15)

Altars:


Innate Abilities, Weirdness & Mutations

You are an enormous anaconda.
You have a powerful constriction melee attack.
Your maximum health is decreased, since you lack skill for your form.
Your armour is entirely melded.
You are incapable of wielding weapons or throwing items.
((You are partially covered in molten scales. (AC +2)))


Message History

The rat bites the withered plant.
The withered plant crumbles away.
You hit the rat but do no damage. Your grab misses the rat.
The withered plant crumbles away.
The rat completely misses you.
You lash the rat!
You kill the rat!
No target in view!
Casting: Foxfire (safe; 8% risk of failure)
Confirm with . or Enter, or press ? or * to list all spells.
Okay, then.
The butterfly is caught in a web!
The butterfly pulls away from the web.
A kobold comes into view. It is wielding a +0 whip.
The helpless kobold fails to defend itself.
You hit the kobold.
You kill the kobold!
No target in view!
Found 6 poisoned darts.
h - a coppery potion A rat comes into view.
Found 3 poisoned darts.
Found 19 gold pieces.
Things that are here:
6 poisoned darts; a +0 club
i - 6 poisoned darts The helpless rat fails to defend itself.
You hit the rat.
You kill the rat!
You see here a rat corpse.
i - 9 poisoned darts (gained 3)
You now have 60 gold pieces (gained 19).
A hobgoblin comes into view.
Found a stone staircase leading down.
The hobgoblin shouts!
The hobgoblin closely misses you.
You closely miss the hobgoblin. You grab the hobgoblin.
You constrict the hobgoblin, but do no damage.
The hobgoblin hits you.
Ouch! That really hurt!
You die...

#.# #.# #.# #.#
#.######## #.#
#.....†..####
#....####..###......#
#.....gS...###.#.##)####
#..>.#####.##...........
..# #.##.....#...## ##
#### #........#...##
.##...#...#
#####.............
.#........#
#.......#.####..##
..........#
#.#.....#.####..##
.⌠.♣......#
#.#.#.#.#.........
..P♣.P....#
#.#..............#


You could see a hobgoblin.

Vanquished Creatures
  A dart slug (D:1)
  2 bats (D:1)
  An endoplasm (D:1)
  A giant cockroach (D:1)
  A goblin (D:1)
  3 hobgoblins (D:1)
  4 jackals (D:1)
  2 ball pythons (D:1)
  2 kobolds (D:1)
  2 rats (D:1)
  2 butterflies (D:1)
21 creatures vanquished.

Vanquished Creatures (others)
  45 foxfires (D:1)
45 creatures vanquished.

Grand Total: 66 creatures vanquished

Notes
Turn   | Place    | Note
-------+----------+-------------------------------------------
     0 | D:1      | wvc the Demonspawn Fire Elementalist began the quest for
                  | the Orb.
     0 | D:1      | Reached XP level 1. HP: 13/13 MP: 3/3
   166 | D:1      | Reached skill level 3 in Fire Magic
   248 | D:1      | Gained mutation: You are partially covered in molten
                  | scales. (AC +2) [demonic ancestry]
   248 | D:1      | Reached XP level 2. HP: 18/19 MP: 1/5
   718 | D:1      | Slain by a hobgoblin

Illustrated notes

Levels and vault maps discovered:
D:1:      spicycebolla_arrival_clurvy, layout_loops_cross, st_stairs_12,
          hex_tiny

Skill      XL: |  1 |
---------------+----+-----
Fire Magic     | 3 |  3.2
Dodging        | |  1.7
Stealth        | |  1.7
Spellcasting   | |  2.3
Conjurations   | |  1.5

Action                     || total
---------------------------++-------
  Melee: Unarmed           ||    64
         Constrict         ||     1
         Punch             ||     1
   Cast: Foxfire           ||    27
   Stab: Sleeping          ||     2
 Armour: Robe              ||    69
         Skin              ||     1
  Dodge: Dodged            ||    96
   Form: Anaconda          ||     1

Table legend: (Time is in decaauts)
 A = Elapsed time spent in this place.
 B = Non-inter-level travel time spent in this place.
 C = Inter-level travel time spent in this place.
 D = Time resting spent in this place.
 E = Time spent auto-exploring this place.
 F = Levels seen in this place.
 G = Mean time per level.
                   A        B        C        D        E       F      G
               +--------+--------+--------+--------+--------+-----+--------+
         Total |    718 |    718 |      0 |     60 |    414 |   1 |  718.0 |
       Dungeon |    718 |    718 |      0 |     60 |    414 |   1 |  718.0 |
               +--------+--------+--------+--------+--------+-----+--------+

Top non-repeatable levels by time:
     D:1: 718 daAuts
